[ AOE2 MATCH · #460085364 ]
Team RMByzantines vs Romans
[ REPLAY ANALYSIS · EXTRACTED FROM THE RECORDED GAME ]
Feudal
13:31
Castle
20:23
Imperial
29:36
| APM avg | 22.5 |
| APM peak | 83 |
| eAPM avg | 16.0 |
| Villagers / military | 94 / 275 |
Focus
⚔️ 33.5% · 🌾 66.5%
Spearman ×122 · Scout Cavalry ×48 · Skirmisher ×29 · Cataphract ×24 · Fishing Ship ×17 · Knight ×17
Feudal
11:53
Castle
19:13
Imperial
33:09
| APM avg | 20.3 |
| APM peak | 140 |
| eAPM avg | 11.8 |
| Villagers / military | 99 / 213 |
Focus
⚔️ 40.7% · 🌾 59.3%
Skirmisher ×96 · Chakram Thrower ×78 · Scout Cavalry ×21 · Fishing Ship ×10 · Trebuchet (Packed) ×10 · Unknown (2626) ×9
Feudal
15:04
Castle
22:00
Imperial
37:22
| APM avg | 10.3 |
| APM peak | 49 |
| eAPM avg | 6.8 |
| Villagers / military | 65 / 290 |
Focus
⚔️ 40.4% · 🌾 59.6%
Rattan Archer ×189 · Fishing Ship ×41 · Mangonel ×25 · Scorpion ×20 · Trebuchet (Packed) ×17 · Knight ×17
Feudal
16:43
Castle
25:51
Imperial
42:07
| APM avg | 17.9 |
| APM peak | 74 |
| eAPM avg | 14.8 |
| Villagers / military | 105 / 487 |
Focus
⚔️ 49.7% · 🌾 50.3%
Scorpion ×182 · Militia ×158 · Scout Cavalry ×92 · Trade Cart ×28 · Trebuchet (Packed) ×15 · Skirmisher ×8
Match map
Initial resources + every placement click. Lines = walls · curves = elevation contours. ◆ gold · ⬟ stone · ● berries · ✦ relic · ◌ wall gap
Your base· ✓ Map-separated
santiago14_asd's base· ✓ Map-separated
9n0m_9n0mi4's base· ✓ Map-separated
Mr. White's base· ✓ Map-separated
Smoothed initial terrain · ◌ = detected wall gap · hover for details
Inputs per minute
— RushExe - - santiago14_asd
Build order — RushExe
First 150 of 315 actions detected
| 0:12 | Build | Dock |
| 0:25 | Build | House |
| 0:27 | Build | House |
| 0:45 | Create | Fishing Ship |
| 2:09 | Create | Fishing Ship |
| 3:43 | Build | Lumber Camp |
| 4:46 | Build | Town Center |
| 5:58 | Create | Villager (Male) |
| 5:58 | Create | Villager (Male) |
| 5:58 | Create | Villager (Male) |
| 6:17 | Create | Villager (Male) |
| 6:17 | Create | Villager (Male) |
| 6:40 | Create | Fishing Ship |
| 6:40 | Create | Fishing Ship |
| 7:30 | Create | Villager (Male) |
| 7:46 | Build | Lumber Camp |
| 7:50 | Create | Villager (Male) |
| 8:14 | Create | Fishing Ship |
| 8:21 | Build | House |
| 8:23 | Build | House |
| 8:38 | Create | Villager (Male) |
| 8:43 | Create | Fishing Ship |
| 9:04 | Create | Villager (Male) |
| 9:17 | Create | Villager (Male) |
| 9:24 | Create | Fishing Ship |
| 9:29 | Create | Villager (Male) |
| 10:56 | Research | Loom |
| 11:16 | Research | Feudal Age |
| 11:42 | Build | Palisade Wall |
| 11:47 | Build | Palisade Wall |
| 12:24 | Build | Mining Camp |
| 12:44 | Build | House |
| 12:48 | Build | House |
| 13:12 | Build | Dock |
| 13:23 | Create | Villager (Male) |
| 13:23 | Create | Villager (Male) |
| 13:31 | Age | Feudal Age |
| 13:38 | Create | Unit 2626 |
| 13:38 | Create | Unit 2626 |
| 13:42 | Create | Unit 2626 |
| 13:42 | Create | Unit 2626 |
| 14:00 | Build | Barracks |
| 14:14 | Build | Blacksmith |
| 14:39 | Build | Mill |
| 14:41 | Create | Villager (Male) |
| 14:42 | Create | Villager (Male) |
| 14:58 | Build | Palisade Wall |
| 15:03 | Build | Palisade Wall |
| 15:42 | Create | Fire Galley |
| 15:44 | Create | Fire Galley |
| 16:33 | Create | Villager (Male) |
| 16:33 | Create | Villager (Male) |
| 16:35 | Create | Villager (Male) |
| 16:42 | Build | Market |
| 16:45 | Build | House |
| 16:46 | Build | House |
| 17:18 | Build | Palisade Wall |
| 17:42 | Research | Castle Age |
| 18:03 | Create | Fire Galley |
| 18:03 | Create | Fire Galley |
| 18:44 | Build | House |
| 19:00 | Create | Villager (Male) |
| 19:05 | Research | Double-Bit Axe |
| 19:34 | Create | Unit 2626 |
| 19:34 | Create | Unit 2626 |
| 20:23 | Age | Castle Age |
| 20:30 | Create | Trade Cog |
| 20:32 | Create | Fire Galley |
| 20:49 | Create | Fire Galley |
| 21:17 | Create | Fire Galley |
| 21:22 | Research | War Galley (upgrade) |
| 21:51 | Build | Farm |
| 21:52 | Create | Villager (Male) |
| 21:54 | Research | Wheelbarrow |
| 22:09 | Build | House |
| 22:10 | Build | House |
| 22:12 | Build | House |
| 22:14 | Build | House |
| 22:15 | Build | House |
| 23:01 | Build | Town Center |
| 23:06 | Create | Villager (Male) |
| 23:28 | Build | Siege Workshop |
| 23:46 | Create | Unit 2626 ×3 |
| 24:23 | Create | Mangonel |
| 24:28 | Research | Bow Saw |
| 25:06 | Build | Barracks |
| 25:37 | Create | Fire Galley ×4 |
| 26:19 | Create | Villager (Male) |
| 26:20 | Create | Villager (Male) |
| 26:26 | Research | Imperial Age |
| 26:32 | Build | Mining Camp |
| 26:34 | Create | Villager (Male) |
| 27:01 | Build | Monastery |
| 28:11 | Create | Monk |
| 28:19 | Research | Scale Barding Armor |
| 28:31 | Create | Fishing Ship ×5 |
| 29:01 | Create | Fishing Ship ×5 |
| 29:22 | Research | Squires |
| 29:25 | Create | Spearman |
| 29:32 | Create | Villager (Male) |
| 29:36 | Age | Imperial Age |
| 30:02 | Create | Villager (Male) |
| 30:03 | Create | Villager (Male) |
| 30:33 | Build | University |
| 31:25 | Create | Villager (Male) |
| 31:26 | Create | Villager (Male) |
| 31:37 | Create | Spearman |
| 32:16 | Create | Villager (Male) |
| 32:16 | Create | Villager (Male) |
| 32:20 | Build | Farm |
| 32:22 | Build | Farm |
| 33:17 | Research | Ballistics |
| 33:19 | Create | Villager (Male) |
| 33:19 | Create | Villager (Male) |
| 33:57 | Create | Villager (Male) |
| 33:57 | Create | Villager (Male) |
| 34:35 | Build | Castle |
| 34:50 | Build | Siege Workshop |
| 35:50 | Research | Chemistry |
| 36:07 | Build | Town Center |
| 36:13 | Build | Mining Camp |
| 36:19 | Build | Mining Camp |
| 36:28 | Create | Villager (Male) |
| 36:28 | Create | Villager (Male) |
| 36:32 | Research | Hand Cart |
| 36:59 | Research | Conscription |
| 37:08 | Create | Villager (Male) |
| 37:08 | Create | Villager (Male) |
| 37:19 | Create | Trebuchet (Packed) |
| 37:34 | Create | Bombard Cannon |
| 37:34 | Create | Bombard Cannon |
| 37:59 | Build | Mill |
| 38:01 | Build | Farm |
| 38:01 | Build | Farm |
| 38:03 | Build | Farm |
| 38:25 | Create | Spearman ×5 |
| 38:41 | Build | Archery Range |
| 39:11 | Research | Pikeman (upgrade) |
| 39:24 | Create | Archer ×5 |
| 39:28 | Build | House |
| 39:29 | Build | House |
| 39:31 | Build | House |
| 39:33 | Build | House |
| 39:34 | Build | House |
| 39:36 | Create | Villager (Male) |
| 39:36 | Create | Villager (Male) |
| 41:11 | Create | Spearman ×5 |
| 41:55 | Build | Barracks |
| 41:57 | Build | Barracks |
| 42:19 | Create | Scorpion |
Build order — santiago14_asd
First 150 of 439 actions detected
| 2:32 | Build | Town Center |
| 3:17 | Build | Dock |
| 3:49 | Create | Villager (Male) |
| 3:49 | Create | Villager (Male) |
| 3:56 | Build | House |
| 3:58 | Create | Fishing Ship |
| 4:02 | Research | Loom |
| 4:16 | Build | House |
| 4:19 | Create | Fishing Ship |
| 4:19 | Create | Fishing Ship |
| 5:07 | Build | House |
| 5:08 | Create | Villager (Male) |
| 5:08 | Create | Villager (Male) |
| 5:09 | Create | Villager (Male) |
| 5:09 | Create | Villager (Male) |
| 5:09 | Create | Villager (Male) |
| 5:10 | Create | Villager (Male) |
| 5:10 | Create | Villager (Male) |
| 5:33 | Create | Fishing Ship |
| 5:35 | Create | Villager (Male) |
| 5:54 | Create | Villager (Male) |
| 6:23 | Build | House |
| 6:29 | Create | Villager (Male) |
| 6:29 | Create | Villager (Male) |
| 6:32 | Create | Fishing Ship |
| 7:20 | Create | Villager (Male) |
| 7:35 | Create | Fishing Ship |
| 7:51 | Create | Villager (Male) |
| 7:52 | Create | Villager (Male) |
| 8:04 | Build | House |
| 8:06 | Create | Villager (Male) |
| 8:10 | Create | Fishing Ship |
| 8:34 | Build | Mill |
| 8:52 | Create | Fishing Ship |
| 8:54 | Create | Villager (Male) |
| 9:23 | Build | House |
| 9:41 | Research | Feudal Age |
| 10:03 | Build | House |
| 10:12 | Build | Mining Camp |
| 10:18 | Create | Villager (Male) |
| 10:18 | Create | Villager (Male) |
| 10:22 | Create | Fishing Ship |
| 10:39 | Build | Dock |
| 11:02 | Build | House |
| 11:05 | Create | Villager (Male) |
| 11:43 | Create | Fishing Ship |
| 11:53 | Age | Feudal Age |
| 11:55 | Create | Fire Galley |
| 11:57 | Create | Villager (Male) |
| 12:04 | Build | Watch Tower |
| 12:08 | Create | Villager (Male) |
| 12:11 | Build | House |
| 12:13 | Build | House |
| 12:42 | Create | Villager (Male) |
| 13:35 | Create | Villager (Male) |
| 13:37 | Build | Mining Camp |
| 13:42 | Create | Villager (Male) |
| 14:18 | Create | Villager (Male) |
| 14:32 | Build | Barracks |
| 14:36 | Create | Villager (Male) |
| 14:49 | Create | Fire Galley |
| 15:01 | Create | Villager (Male) |
| 15:09 | Build | Market |
| 15:22 | Build | Blacksmith |
| 15:24 | Create | Villager (Male) |
| 15:53 | Create | Unit 2626 |
| 16:15 | Create | Villager (Male) |
| 16:15 | Create | Villager (Male) |
| 16:27 | Research | Castle Age |
| 16:33 | Research | Castle Age |
| 16:36 | Create | Villager (Male) |
| 16:36 | Create | Villager (Male) |
| 17:12 | Research | Double-Bit Axe |
| 17:23 | Create | Unit 2626 |
| 17:26 | Create | Unit 2626 |
| 17:29 | Create | Unit 2626 |
| 18:18 | Create | Unit 2626 |
| 18:23 | Create | Villager (Male) |
| 18:23 | Create | Villager (Male) |
| 18:30 | Create | Unit 2626 |
| 18:59 | Create | Unit 2626 |
| 19:03 | Create | Unit 2626 |
| 19:10 | Create | Villager (Male) |
| 19:10 | Create | Villager (Male) |
| 19:13 | Age | Castle Age |
| 20:10 | Create | Unit 2626 |
| 20:18 | Create | Villager (Male) |
| 20:19 | Create | Villager (Male) |
| 20:56 | Create | Villager (Male) |
| 21:19 | Build | Stable |
| 21:21 | Create | Villager (Male) |
| 21:44 | Build | Town Center |
| 21:57 | Build | Farm |
| 21:59 | Create | Villager (Male) |
| 22:32 | Build | Castle |
| 22:48 | Build | Farm |
| 22:49 | Build | Farm |
| 23:01 | Create | Villager (Male) |
| 23:02 | Create | Villager (Male) |
| 23:26 | Create | Villager (Male) |
| 23:35 | Build | Farm |
| 23:39 | Build | Farm |
| 24:13 | Create | Villager (Male) |
| 24:17 | Build | Farm |
| 24:24 | Build | Farm |
| 24:26 | Build | Farm |
| 24:36 | Create | Villager (Male) |
| 24:36 | Create | Villager (Male) |
| 24:50 | Build | Farm |
| 25:11 | Build | Mining Camp |
| 25:15 | Create | Villager (Male) |
| 25:21 | Create | Villager (Male) |
| 25:30 | Create | Villager (Male) |
| 25:40 | Build | Farm |
| 25:42 | Create | Villager (Male) |
| 25:43 | Create | Villager (Male) |
| 26:00 | Create | Villager (Male) |
| 26:16 | Create | Scout Cavalry |
| 26:33 | Build | Farm |
| 26:34 | Build | Farm |
| 26:49 | Create | Chakram Thrower |
| 26:50 | Create | Chakram Thrower |
| 27:00 | Create | Villager (Male) |
| 27:15 | Create | Villager (Male) |
| 27:36 | Build | Farm |
| 27:37 | Create | Villager (Male) |
| 27:42 | Create | Villager (Male) |
| 28:01 | Create | Villager (Male) |
| 28:09 | Build | Farm |
| 28:10 | Create | Villager (Male) |
| 28:17 | Create | Villager (Male) |
| 28:28 | Create | Villager (Male) |
| 28:31 | Build | Farm |
| 28:47 | Create | Villager (Male) |
| 29:01 | Create | Scout Cavalry |
| 29:02 | Create | Scout Cavalry |
| 29:09 | Build | Farm |
| 29:12 | Build | Mill |
| 29:13 | Create | Villager (Male) |
| 29:24 | Research | Horse Collar |
| 29:25 | Research | Horse Collar |
| 29:59 | Research | Imperial Age |
| 30:23 | Build | Farm |
| 30:27 | Build | Farm |
| 30:27 | Build | Farm |
| 30:33 | Build | Stable |
| 30:35 | Research | Light Cavalry (upgrade) |
| 30:39 | Create | Villager (Male) |
| 30:39 | Create | Villager (Male) |
| 30:55 | Create | Chakram Thrower |
Build order — 9n0m_9n0mi4
First 150 of 223 actions detected
| 0:19 | Build | Dock |
| 0:53 | Build | House |
| 0:55 | Build | House |
| 2:07 | Build | Town Center |
| 2:40 | Create | Fishing Ship |
| 3:35 | Create | Villager (Male) ×4 |
| 3:43 | Build | House |
| 3:57 | Create | Fishing Ship |
| 5:33 | Build | Lumber Camp |
| 5:45 | Create | Villager (Male) |
| 5:52 | Create | Fishing Ship ×4 |
| 6:23 | Build | Mill |
| 6:34 | Build | House |
| 6:46 | Create | Villager (Male) |
| 7:29 | Build | House |
| 7:38 | Build | House |
| 8:23 | Create | Villager (Male) ×2 |
| 8:42 | Create | Fishing Ship ×5 |
| 9:02 | Build | Dock |
| 9:13 | Create | Villager (Male) ×2 |
| 10:29 | Build | Mining Camp |
| 11:09 | Create | Fishing Ship ×5 |
| 11:17 | Build | House |
| 11:22 | Build | House |
| 11:29 | Create | Fishing Ship ×5 |
| 12:54 | Research | Feudal Age |
| 14:23 | Create | Fishing Ship ×5 |
| 14:50 | Build | Mining Camp |
| 15:04 | Age | Feudal Age |
| 15:10 | Research | Wheelbarrow |
| 15:15 | Research | Double-Bit Axe |
| 16:20 | Build | Barracks |
| 16:25 | Create | Villager (Male) ×5 |
| 16:27 | Research | Town Watch |
| 16:38 | Research | Loom |
| 16:47 | Research | Tech 906 |
| 17:01 | Build | Dock |
| 17:41 | Build | Archery Range |
| 18:01 | Build | Market |
| 18:10 | Build | Blacksmith |
| 18:26 | Create | Fishing Ship ×5 |
| 18:40 | Build | House |
| 18:42 | Build | House |
| 18:47 | Build | House |
| 18:48 | Build | House |
| 19:05 | Create | Villager (Male) ×5 |
| 19:09 | Research | Castle Age |
| 19:28 | Research | Fletching |
| 19:28 | Research | Padded Archer Armor |
| 19:32 | Create | Trade Cart |
| 21:30 | Create | Unit 2626 ×5 |
| 22:00 | Age | Castle Age |
| 22:21 | Research | Hand Cart |
| 22:22 | Create | Villager (Male) ×5 |
| 23:28 | Build | Castle |
| 23:46 | Research | Town Patrol |
| 23:50 | Research | Bow Saw |
| 23:55 | Research | Gold Mining |
| 23:59 | Research | Stone Mining |
| 24:13 | Research | Gillnets |
| 24:46 | Create | Fishing Ship ×5 |
| 24:53 | Create | Fishing Ship ×5 |
| 25:13 | Build | Town Center |
| 25:21 | Create | Rattan Archer ×2 |
| 25:49 | Create | Villager (Male) ×5 |
| 26:01 | Create | Rattan Archer ×5 |
| 26:24 | Create | Villager (Male) ×5 |
| 26:37 | Build | House |
| 26:37 | Build | House |
| 26:38 | Build | House |
| 26:40 | Build | House |
| 26:43 | Build | House |
| 26:47 | Build | House |
| 27:50 | Build | Mining Camp |
| 28:19 | Build | Mining Camp |
| 28:35 | Build | University |
| 28:44 | Build | Monastery |
| 29:53 | Research | Ballistics |
| 29:55 | Research | Treadmill Crane |
| 29:57 | Research | Careening |
| 30:08 | Research | Tech 908 |
| 30:11 | Research | Murder Holes |
| 30:17 | Create | Monk |
| 30:17 | Create | Monk |
| 30:40 | Create | Monk |
| 30:48 | Create | Rattan Archer ×5 |
| 30:50 | Create | Rattan Archer |
| 30:59 | Research | Thumb Ring |
| 31:21 | Research | Bodkin Arrow |
| 31:31 | Create | Villager (Male) ×5 |
| 31:54 | Build | Mining Camp |
| 32:15 | Create | Rattan Archer ×5 |
| 33:34 | Create | Rattan Archer ×5 |
| 33:36 | Create | Rattan Archer ×5 |
| 33:36 | Create | Rattan Archer ×3 |
| 34:12 | Research | Imperial Age |
| 34:26 | Research | Leather Archer Armor |
| 34:40 | Create | Villager (Male) ×5 |
| 34:46 | Research | Stone Shaft Mining |
| 34:56 | Build | Lumber Camp |
| 35:37 | Build | House |
| 35:37 | Build | House |
| 35:38 | Build | House |
| 35:39 | Build | House |
| 35:40 | Build | House |
| 35:41 | Build | House |
| 35:42 | Build | House |
| 35:43 | Build | House |
| 35:51 | Build | House |
| 35:52 | Build | House |
| 35:53 | Build | House |
| 35:54 | Build | House |
| 35:55 | Build | House |
| 35:55 | Build | House |
| 35:56 | Build | House |
| 35:56 | Build | House |
| 35:56 | Build | House |
| 35:57 | Build | House |
| 36:01 | Create | Rattan Archer ×5 |
| 36:04 | Create | Rattan Archer ×4 |
| 37:22 | Age | Imperial Age |
| 37:39 | Build | Siege Workshop |
| 37:40 | Build | Siege Workshop |
| 38:06 | Research | Tech 621 |
| 38:09 | Create | Trebuchet (Packed) ×3 |
| 38:32 | Create | Villager (Male) ×5 |
| 38:58 | Build | Castle |
| 39:03 | Research | Two-Man Saw |
| 39:49 | Research | Capped Ram (upgrade) |
| 39:51 | Create | Battering Ram ×5 |
| 40:05 | Build | Mining Camp |
| 40:15 | Build | Mining Camp |
| 43:56 | Create | Rattan Archer ×5 |
| 43:57 | Create | Rattan Archer ×5 |
| 43:57 | Create | Rattan Archer ×5 |
| 45:10 | Create | Trebuchet (Packed) ×5 |
| 47:41 | Build | Castle |
| 48:15 | Build | Castle |
| 48:26 | Research | Chemistry |
| 48:32 | Research | Heated Shot |
| 48:36 | Research | Siege Engineers |
| 49:19 | Build | Siege Workshop |
| 49:26 | Build | Siege Workshop |
| 49:28 | Build | Siege Workshop |
| 49:55 | Build | Lumber Camp |
| 50:01 | Research | Paper Money |
| 50:03 | Create | Rattan Archer ×5 |
| 50:05 | Create | Trebuchet (Packed) |
| 50:07 | Create | Rattan Archer ×5 |
| 50:47 | Build | Lumber Camp |
Build order — Mr. White
First 150 of 859 actions detected
| 2:31 | Build | Town Center |
| 3:26 | Create | Villager (Male) |
| 3:27 | Create | Villager (Male) |
| 3:27 | Create | Villager (Male) |
| 3:27 | Create | Villager (Male) |
| 3:28 | Create | Villager (Male) |
| 4:15 | Build | House |
| 4:53 | Build | House |
| 5:04 | Build | Mill |
| 6:02 | Build | Lumber Camp |
| 7:11 | Create | Villager (Male) |
| 7:11 | Create | Villager (Male) |
| 7:12 | Create | Villager (Male) |
| 7:12 | Create | Villager (Male) |
| 7:33 | Build | Mining Camp |
| 7:41 | Build | House |
| 7:47 | Create | Villager (Male) |
| 8:10 | Create | Villager (Male) |
| 8:33 | Create | Villager (Male) |
| 8:34 | Create | Villager (Male) |
| 8:34 | Create | Villager (Male) |
| 8:57 | Build | House |
| 9:10 | Create | Villager (Male) |
| 9:11 | Create | Villager (Male) |
| 10:30 | Build | Barracks |
| 10:37 | Create | Villager (Male) |
| 10:38 | Create | Villager (Male) |
| 10:38 | Create | Villager (Male) |
| 11:03 | Build | House |
| 11:09 | Build | House |
| 11:42 | Build | Barracks |
| 11:57 | Create | Villager (Male) |
| 12:14 | Build | Farm |
| 12:34 | Build | House |
| 12:36 | Build | House |
| 12:39 | Build | House |
| 12:41 | Build | House |
| 12:59 | Create | Militia |
| 12:59 | Create | Militia |
| 13:01 | Create | Militia |
| 13:12 | Create | Villager (Male) |
| 13:37 | Build | Dock |
| 13:50 | Build | Farm |
| 14:33 | Research | Feudal Age |
| 14:44 | Build | House |
| 14:45 | Build | House |
| 14:50 | Build | House |
| 14:52 | Build | House |
| 15:02 | Create | Militia |
| 15:02 | Create | Militia |
| 15:21 | Build | Mining Camp |
| 15:38 | Build | Farm |
| 15:45 | Build | Farm |
| 15:57 | Build | Farm |
| 15:58 | Build | Farm |
| 16:01 | Build | Farm |
| 16:03 | Build | Farm |
| 16:05 | Build | Farm |
| 16:09 | Build | Farm |
| 16:13 | Build | Farm |
| 16:37 | Create | Villager (Male) |
| 16:43 | Age | Feudal Age |
| 16:46 | Research | Horse Collar |
| 16:49 | Research | Double-Bit Axe |
| 16:57 | Create | Villager (Male) |
| 17:23 | Build | Market |
| 17:30 | Build | Blacksmith |
| 17:39 | Research | Wheelbarrow |
| 18:10 | Research | Man-at-Arms (upgrade) |
| 18:22 | Create | Fishing Ship |
| 18:38 | Research | Tech 906 |
| 18:41 | Create | Fishing Ship |
| 18:54 | Build | Dock |
| 19:02 | Research | Town Watch |
| 19:33 | Build | Market |
| 19:50 | Create | Villager (Male) |
| 19:51 | Create | Villager (Male) |
| 19:52 | Create | Villager (Male) |
| 19:52 | Create | Villager (Male) |
| 19:53 | Create | Villager (Male) |
| 19:54 | Create | Villager (Male) |
| 20:00 | Build | Farm |
| 20:04 | Build | Farm |
| 20:09 | Build | Farm |
| 20:14 | Build | Farm |
| 20:20 | Build | Farm |
| 20:30 | Create | Spearman |
| 20:30 | Create | Spearman |
| 20:49 | Build | Archery Range |
| 20:59 | Create | Villager (Male) |
| 20:59 | Create | Villager (Male) |
| 21:00 | Create | Villager (Male) |
| 21:00 | Create | Villager (Male) |
| 21:01 | Create | Villager (Male) |
| 21:10 | Build | Farm |
| 22:15 | Build | Archery Range |
| 22:47 | Build | Lumber Camp |
| 22:57 | Research | Castle Age |
| 23:20 | Create | Galley |
| 23:25 | Create | Fire Galley |
| 23:50 | Create | Archer |
| 23:50 | Create | Skirmisher |
| 24:10 | Create | Militia |
| 24:10 | Create | Spearman |
| 24:33 | Create | Galley |
| 24:33 | Create | Galley |
| 25:01 | Build | Stable |
| 25:07 | Build | Stable |
| 25:47 | Create | Archer |
| 25:47 | Create | Skirmisher |
| 25:47 | Create | Archer |
| 25:48 | Create | Skirmisher |
| 25:50 | Create | Militia |
| 25:50 | Create | Militia |
| 25:51 | Age | Castle Age |
| 25:55 | Research | Long Swordsman (upgrade) |
| 26:26 | Create | Villager (Male) |
| 26:26 | Create | Villager (Male) |
| 26:27 | Create | Villager (Male) |
| 26:27 | Create | Villager (Male) |
| 26:28 | Create | Villager (Male) |
| 26:34 | Research | Heavy Plow |
| 26:51 | Research | Bow Saw |
| 27:01 | Create | Scout Cavalry |
| 27:02 | Create | Scout Cavalry |
| 27:26 | Build | Castle |
| 27:36 | Create | Villager (Male) |
| 28:01 | Build | Castle |
| 28:07 | Research | Hand Cart |
| 28:13 | Research | Hand Cart |
| 28:37 | Create | Villager (Male) |
| 29:33 | Build | Town Center |
| 29:46 | Create | Monk |
| 29:56 | Research | Town Patrol |
| 30:04 | Create | Villager (Male) |
| 30:04 | Create | Villager (Male) |
| 30:08 | Research | Gold Mining |
| 30:09 | Research | Stone Mining |
| 30:12 | Research | Crossbowman (upgrade) |
| 30:15 | Research | Squires |
| 30:18 | Research | Scale Mail Armor |
| 30:28 | Create | Scout Cavalry |
| 30:28 | Create | Scout Cavalry |
| 30:34 | Create | Militia |
| 30:34 | Create | Spearman |
| 30:41 | Create | Skirmisher |
| 31:04 | Build | Dock |
| 31:10 | Create | Villager (Male) |
| 31:11 | Create | Villager (Male) |
| 31:31 | Build | Gate |
Match timeline
| 0:12 | RushExe · first_building Dock |
| 0:19 | 9n0m_9n0mi4 · first_building Dock |
| 3:17 | santiago14_asd · first_building Dock |
| 10:30 | Mr. White · first_building Barracks |
| 11:42 | RushExe · wall_segment Palisade Wall x6 |
| 11:47 | RushExe · wall_segment Palisade Wall x5 |
| 11:53 | santiago14_asd · age_up feudal |
| 13:31 | RushExe · age_up feudal |
| 13:37 | Mr. White · first_building Dock |
| 14:00 | RushExe · first_building Barracks |
| 14:32 | santiago14_asd · first_building Barracks |
| 14:58 | RushExe · wall_segment Palisade Wall x17 |
| 15:03 | RushExe · wall_segment Palisade Wall x1 |
| 15:04 | 9n0m_9n0mi4 · age_up feudal |
| 16:20 | 9n0m_9n0mi4 · first_building Barracks |
| 16:25 | santiago14_asd · first_market_sell 100 stone |
| 16:43 | Mr. White · age_up feudal |
| 17:18 | RushExe · wall_segment Palisade Wall x17 |
| 17:41 | 9n0m_9n0mi4 · first_building Archery Range |
| 19:13 | santiago14_asd · age_up castle |
| 20:23 | RushExe · age_up castle |
| 20:49 | Mr. White · first_building Archery Range |
| 21:19 | santiago14_asd · first_building Stable |
| 22:00 | 9n0m_9n0mi4 · age_up castle |
| 22:32 | santiago14_asd · first_building Castle |
| 22:34 | RushExe · first_market_buy 100 wood |
| 22:35 | 9n0m_9n0mi4 · first_market_buy 100 stone |
| 23:28 | 9n0m_9n0mi4 · first_building Castle |
| 23:28 | RushExe · first_building Siege Workshop |
| 25:01 | Mr. White · first_building Stable |
| 25:51 | Mr. White · age_up castle |
| 25:54 | 9n0m_9n0mi4 · first_market_sell 100 food |
| 27:01 | RushExe · first_building Monastery |
| 27:26 | Mr. White · first_building Castle |
| 28:44 | 9n0m_9n0mi4 · first_building Monastery |
| 28:48 | Mr. White · first_market_buy 100 stone |
| 29:36 | RushExe · age_up imperial |
| 29:43 | Mr. White · first_market_sell 100 food |
| 29:45 | santiago14_asd · first_market_buy 100 food |
| 31:43 | Mr. White · wall_segment Stone Wall x5 |
| 31:52 | Mr. White · wall_segment Stone Wall x16 |
| 33:09 | santiago14_asd · age_up imperial |
| 33:14 | Mr. White · first_building Siege Workshop |
| 34:17 | RushExe · first_market_sell 500 wood |
| 34:35 | RushExe · first_building Castle |
| 37:09 | santiago14_asd · first_building Archery Range |
| 37:22 | 9n0m_9n0mi4 · age_up imperial |
| 37:39 | 9n0m_9n0mi4 · first_building Siege Workshop |
| 38:41 | RushExe · first_building Archery Range |
| 41:00 | Mr. White · wall_segment Stone Wall x1 |
| 42:07 | Mr. White · age_up imperial |
| 44:04 | RushExe · wall_segment Palisade Wall x1 |
| 44:10 | RushExe · wall_segment Palisade Wall x1 |
| 56:28 | santiago14_asd · resign |
| 67:28 | RushExe · first_building Stable |
| 83:43 | Mr. White · wall_segment Stone Wall x11 |
| 86:07 | Mr. White · wall_segment Stone Wall x7 |
| 95:09 | 9n0m_9n0mi4 · first_building Stable |
[ AI ANALYSIS · 1 CREDIT ]
What really happened in this match?
Wolo.gg analyzes every decision: build order, eco, micro, common mistakes by bracket. Personalized analysis on WhatsApp or Discord in 30 seconds.
Civ guide
Byzantines
Map guide
Pilgrims
Perfil
Jugador #22561467